 Dungeon Crawl Stone Soup version 0.28.0-53-g5a82cb258f (webtiles) character file.

Game seed: 16886964319015187988

1500 Atelerd the Magician (level 8, -15/47 HPs)
             Began as an Octopode Earth Elementalist on June 13, 2022.
             Was a Believer of Sif Muna.
             Demolished by Harold
             ... wielding a +0 war axe
              (24 damage)
             ... on level 7 of the Dungeon.
             The game lasted 00:06:44 (7487 turns).

Atelerd the Magician (Octopode Earth Elementalist)  Turns: 7487, Time: 00:06:45

Health: -15/47     AC:  5    Str:  7    XL:     8   Next: 81%
Magic:  11/26      EV: 13    Int: 19    God:    Sif Muna [**....]
Gold:   260        SH:  5    Dex: 13    Spells: 14/19 levels left

rFire   . . .      SeeInvis +   c - +0 dagger
rCold   . . .      Faith    .   (no shield)
rNeg    + . .      Spirit   .   (helmet restricted)
rPois   .          Reflect  +   t - amulet of reflection
rElec   .          Harm     .   e - ring of magical power
rCorr   .          Rampage  .   m - +4 ring of protection
Will    .....                   s - ring of see invisible
Stlth   ++++......              I - ring of positive energy
HPRegen 0.15/turn               (no ring)
MPRegen 0.20/turn               (no ring)
                                (no ring)
                                (no ring)

@: no status effects
A: almost no armour, amphibious, 8 rings, camouflage 1, gelatinous body 1,
(nimble swimmer 1), tentacles
a: Renounce Religion, Channel Magic


You were on level 7 of the Dungeon.
You worshipped Sif Muna.
Sif Muna was pleased with you.
You visited 2 branches of the dungeon, and saw 8 of its levels.
You also visited: Ossuary.

You collected 260 gold pieces.

Inventory:

Hand Weapons
 c - a +0 dagger (weapon)
 x - the +4 hand axe of Regicide {venom, *Noise *Corrode rElec rF+ Will++}
   (You found it on level 5 of the Dungeon)

   It poisons the flesh of those it strikes.
   rF:        It protects you from fire.
   rElec:     It insulates you from electricity.
   *Noise:    It may make noises in combat.
   *Corrode:  It may corrode you when you take damage.
   Will:      It greatly increases your willpower.
Missiles
 b - 100 stones
Jewellery
 e - a ring of magical power (left tentacle)
 m - a +4 ring of protection (right tentacle)
 s - a ring of see invisible (on tentacle)
 t - an amulet of reflection (around mantle)
 I - a ring of positive energy (on tentacle)
Wands
 g - a wand of flame (16)
 y - a wand of digging (3)
Scrolls
 d - a scroll of immolation {unknown}
 f - 5 scrolls of teleportation {unknown}
 j - 2 scrolls of blinking
 k - 2 scrolls of enchant weapon
 l - a scroll of fear {unknown}
 n - a scroll of holy word
 r - 2 scrolls of fog {unknown}
 u - 3 scrolls of amnesia
 w - a scroll of vulnerability
 D - a scroll of brand weapon {unknown}
 E - a scroll of magic mapping {unknown}
 J - a scroll of identify
Potions
 a - 3 potions of heal wounds {unknown}
 h - a potion of lignification {unknown}
 i - 5 potions of curing {unknown}
 o - a potion of invisibility {unknown}
 p - 2 potions of might {unknown}
 q - 2 potions of cancellation
 v - a potion of haste {unknown}
 z - a potion of degeneration {unknown}
 A - a potion of magic {unknown}
 B - 3 potions of flight {unknown}
 C - a potion of attraction {unknown}
 F - a potion of brilliance {unknown}
 G - a potion of resistance {unknown}
 H - 2 potions of berserk rage {unknown}


   Skills:
 - Level 0.6 Fighting
 - Level 0.5 Short Blades
 - Level 2.0 Dodging
 - Level 6.0 Stealth
 - Level 0.7 Unarmed Combat
 + Level 6.3 Spellcasting
 - Level 5.0 Transmutations
 - Level 6.0 Earth Magic


You had 14 spell levels left.
You knew the following spells:

 Your Spells              Type           Power      Damage    Failure   Level
a - Sandblast             Erth           56%        2d13      1%          1
p - Petrify               Tmut/Erth      26%        N/A       11%         4

Your spell library contained the following spells:

 Spells                   Type           Power      Damage    Failure   Level
 Passwall                 Tmut/Erth      21%        N/A       1%          2
 Wereblood                Tmut           25%        N/A       1%          2
 Stone Arrow              Conj/Erth      34%        3d9       10%         3
 Foxfire                  Conj/Fire      24%        2x1d5     11%         1
 Freeze                   Ice            24%        1d5       11%         1
 Ensorcelled Hibernation  Hex/Ice        12%        N/A       16%         2
 Sublimation of Blood     Necr           6%         N/A       16%         2
 Conjure Flame            Conj/Fire      6%         6-21      32%         3
 Frozen Ramparts          Ice            12%        1d3       32%         3
 Inner Flame              Hex/Fire       6%         N/A       32%         3
 Swiftness                Air            6%         N/A       32%         3
 Tukima's Dance           Hex            6%         N/A       32%         3
 Flame Wave               Conj/Fire      6%         2d5       71%         4
 Hailstorm                Conj/Ice       6%         3d4       71%         4
 Passage of Golubria      Tloc           6%         N/A       71%         4
 Yara's Violent Unravell  Hex/Tmut       7%         3d5       71%         5
 Summon Hydra             Summ           3%         N/A       100%        7


Dungeon Overview and Level Annotations

Branches:
Dungeon (7/15)             Temple (1/1) D:4         Ossuary (visited)

Altars:
Elyvilon
Hepliaklqana
Sif Muna
Vehumet
Wu Jian
Xom
Zin

Annotations:
D:7 Harold


Innate Abilities, Weirdness & Mutations

You cannot wear most types of armour.
You are amphibious.
You can wear up to eight rings at the same time.
Your skin changes colour to match your surroundings (Stealth+).
Your rubbery body absorbs attacks. (AC +1, EV +1)
((You are camouflaged when in or above water. (Stealth+)))
You have tentacles for arms and can constrict up to eight enemies at once.


Message History

You see here a throwing net.
Casting: Sandblast (safe; 1% risk of failure)
Confirm with . or Enter, or press ? or * to list all spells.
The spell is quite dangerous to miscast (11% risk of failure)!
Continue anyway?
Aiming: Petrify (quite dangerous; 11% risk of failure)
Press: ? - help, Shift-Dir - straight line, f - Harold
Aim: Harold, wielding a +0 war axe, wearing a +0 chain mail and quivering 3 throwing nets (chance to affect: 23%) Harold resists with almost no effort.
Casting: Petrify (quite dangerous; 11% risk of failure)
Confirm with . or Enter, or press ? or * to list all spells.
The spell is quite dangerous to miscast (11% risk of failure)!
Continue anyway?
Aiming: Petrify (quite dangerous; 11% risk of failure)
Press: ? - help, Shift-Dir - straight line, f/p - Harold
Aim: Harold, wielding a +0 war axe, wearing a +0 chain mail and quivering 3 throwing nets (chance to affect: 23%) Harold resists with almost no effort.
Unknown command.
Casting: Petrify (quite dangerous; 11% risk of failure)
Confirm with . or Enter, or press ? or * to list all spells.
The spell is quite dangerous to miscast (11% risk of failure)!
Continue anyway?
Aiming: Petrify (quite dangerous; 11% risk of failure)
Press: ? - help, Shift-Dir - straight line, f/p - Harold
Aim: Harold, wielding a +0 war axe, wearing a +0 chain mail and quivering 3 throwing nets (chance to affect: 23%) Harold resists with almost no effort.
Harold fires a harpoon shot at you. The harpoon shot hits you!
You are yanked forward by the harpoon shot.
Unknown command.
Casting: Petrify (quite dangerous; 11% risk of failure)
Confirm with . or Enter, or press ? or * to list all spells.
The spell is quite dangerous to miscast (11% risk of failure)!
Continue anyway?
Aiming: Petrify (quite dangerous; 11% risk of failure)
Press: ? - help, Shift-Dir - straight line, f/p - Harold
Aim: Harold, wielding a +0 war axe, wearing a +0 chain mail and quivering 3 throwing nets (chance to affect: 23%) Harold resists with almost no effort.
Harold hits you with a +0 war axe!!
Ouch! That really hurt!
* * * LOW HITPOINT WARNING * * *
It was a potion of cancellation.
You feel magically purged. Harold hits you with a +0 war axe!!
Ouch! That really hurt!
You die...

#### ...... ....... .....
......## ...# ....#..# #..# ..#
##....#..# ##..# .........###
##...#.##.###...# #...........
.... #.##....##(# #.....#.#.#.
...###..#...###.## ##...........
...##......## ##@# #..#..#.#.#.#
..........## #@####..#.........
..........## ##.........#.#.#.#.
........#..####..................
........##...........##.#.#.#.#.#
#.....#.............####......).)
...#.....)..........# #.#.#.#.#)
#.....#.##.....##..## ##........
.......)##.#######.# #.#.#.#.#


You could see Harold.

Vanquished Creatures
  A steam dragon (D:5)
  A water moccasin (D:5)
  A sky beast (D:7)
  An ice beast (D:6)
  A necrophage (D:4)
  2 ogres (D:5)
  A phantom (D:5)
  A water moccasin zombie (Ossuary)
  A water moccasin skeleton (D:6)
  A howler monkey (D:7)
  2 bullfrog zombies (D:6)
  5 hounds
  2 orc priests
  2 iguanas
  A killer bee zombie (D:5)
  2 mummies (Ossuary)
  7 adders
  2 white imps
  4 ufetubi
  2 adder zombies (Ossuary)
  4 worms
  3 dart slugs
  13 orcs
  10 bats
  4 endoplasms
  7 giant cockroaches
  5 gnoll zombies (Ossuary)
  7 goblins
  4 hobgoblins
  12 jackals
  3 kobolds
  4 quokkas
  6 ball pythons
  4 frilled lizards
  5 hobgoblin zombies (Ossuary)
  7 kobold zombies (Ossuary)
  5 orc zombies (Ossuary)
  7 rats
150 creatures vanquished.

Notes
Turn   | Place    | Note
-------+----------+-------------------------------------------
     0 | D:1      | Atelerd the Octopode Earth Elementalist began the quest for
                  | the Orb.
     0 | D:1      | Reached XP level 1. HP: 11/11 MP: 3/3
    92 | D:1      | Reached XP level 2. HP: 11/17 MP: 0/5
   586 | D:1      | Reached XP level 3. HP: 13/21 MP: 2/6
  1807 | D:2      | Reached XP level 4. HP: 14/27 MP: 8/8
  2607 | D:3      | Noticed a shining eye
  2609 | D:3      | Found a faded altar of an unknown god.
  2611 | D:3      | Noticed a golden eye
  2611 | D:3      | Noticed a shining eye
  2611 | D:3      | Noticed a great orb of eyes
  3576 | D:4      | Reached XP level 5. HP: 32/32 MP: 9/9
  3696 | D:4      | Noticed a necrophage
  3700 | D:4      | Killed a necrophage
  3701 | D:4      | Reached XP level 6. HP: 14/37 MP: 11/11
  4077 | D:4      | Found a staircase to the Ecumenical Temple.
  4092 | Temple   | Entered the Ecumenical Temple
  4295 | Temple   | Became a worshipper of Sif Muna the Loreminder
  4695 | D:5      | Entered Level 5 of the Dungeon
  4970 | D:4      | Learned a level 4 spell: Petrify
  5042 | D:5      | Noticed a steam dragon
  5057 | D:5      | Killed a steam dragon
  5058 | D:5      | Reached skill level 5 in Stealth
  5058 | D:5      | Reached skill level 5 in Earth Magic
  5058 | D:5      | Reached XP level 7. HP: 39/42 MP: 12/12
  5551 | D:5      | Identified the +4 hand axe of Regicide {venom, *Noise
                  | *Corrode rElec rF+ Will++}
  5557 | D:5      | Reached XP level 8. HP: 38/47 MP: 14/14
  5804 | D:5      | Reached * piety under Sif Muna
  6058 | D:6      | Found a sand-covered staircase.
  6093 | D:6      | Reached skill level 5 in Transmutations
  6128 | Ossuary  | Entered an ossuary
  6303 | Ossuary  | Reached skill level 5 in Spellcasting
  6325 | Ossuary  | Reached ** piety under Sif Muna
  7481 | D:7      | Noticed Harold
  7487 | D:7      | Demolished by Harold

Illustrated notes

Levels and vault maps discovered:
D:1:      lemuel_arrival_tunnels, layout_basic, st_stairs_2,
          chequers_mini_garden
D:2:      layout_basic
D:3:      layout_loops_corners, hellmonk_ecumenical_altar_watching_god
D:4:      layout_cave_pools, minmay_temple_entry_trees, dk_noncrumbling_3
D:5:      layout_rooms, minivault_23
D:6:      layout_basic, enter_ossuary_2, kennysheep_crisscross,
          minmay_misc_feat_nine_boxes
D:7:      layout_layer_cave, hex_medium, minmay_misc_feat_five, the_hattery,
          uniq_harold
Temple:   mainiacjoe_temple_trianglar_array

Skill      XL: |  1  2  3  4  5  6  7  8 |
---------------+-------------------------+-----
Spellcasting   | 3 4 6 |  6.3
Earth Magic    | 4 5 6 |  6.0
Stealth        | 4 5 6 |  6.0
Transmutations | 2 3 4 5 |  5.0
Fighting       | |  0.6
Short Blades   | |  0.5
Dodging        | |  2.0
Unarmed Combat | |  0.7

Action                   |  1- 3 |  4- 6 |  7- 9 || total
-------------------------+-------+-------+-------++-------
Melee: Unarmed           |     6 |       |       ||     6
       Constrict         |    14 |    17 |    22 ||    53
       Tentacles         |    10 |    13 |    23 ||    46
       Dagger            |    57 |    58 |    71 ||   186
       Punch             |     2 |       |       ||     2
 Cast: Sandblast         |    24 |    37 |    90 ||   151
       Petrify           |       |     1 |     5 ||     6
  Use: Scroll            |       |       |     5 ||     5
       Potion            |       |       |     1 ||     1
 Stab: Sleeping          |     8 |     8 |     8 ||    24
       Petrified         |       |     5 |     3 ||     8
       Petrifying        |       |       |     1 ||     1
Armor: Skin              |     7 |    13 |    21 ||    41
Dodge: Dodged            |    46 |    44 |    68 ||   158
Block: Other             |       |     4 |    19 ||    23
